 Dungeon Crawl Stone Soup version 0.27.1-4-g1640c2035a (webtiles) character file.

Game seed: 14159831255122134771

765 Fulminus the Magician (level 8, -15/58 HPs)
             Began as a Djinni Hedge Wizard on Nov 12, 2021.
             Demolished by an ogre (17 damage)
             ... on level 5 of the Dungeon.
             The game lasted 00:23:43 (7751 turns).

Fulminus the Magician (Djinni Hedge Wizard)         Turns: 7751, Time: 00:23:43

Health: -15/58     AC:  2    Str: 15    XL:     8   Next: 8%
Gold:   131        EV: 12    Int: 18    God:
                   SH:  0    Dex: 13

rFire    + + .     SeeInvis .   q - +1 dagger (venom)
rCold    . . .     Faith    .   (no shield)
rNeg     . . .     Spirit   .   b - +0 robe
rPois    ∞         Reflect  .   c - +0 hat
rElec    .         Harm     .   g - scarf {repulsion}
rCorr    .         Rampage  .   (no gloves)
Will     .....                  (boots unavailable)
Stlth    ++........             (no amulet)
HPRegen  0.19/turn              j - +6 ring of strength
MPRegen  0.00/turn              s - ring "Ivoche Hiekh" {rPois rC+ MP+9}

@: about to teleport, flying, repel missiles
A: sickness immunity, fire resistance 2, cold vulnerability 1, float, innate
caster, hp casting, extra vitality 1
a: no special abilities


You were on level 5 of the Dungeon.
You visited 1 branch of the dungeon, and saw 5 of its levels.

You collected 131 gold pieces.

Inventory:

Hand Weapons
 q - a +1 dagger of venom (weapon)
Armour
 b - a +0 robe (worn)
 c - a +0 hat (worn)
 g - a scarf of repulsion (worn)
Jewellery
 j - a +6 ring of strength (left hand)
 s - the ring "Ivoche Hiekh" (right hand) {rPois rC+ MP+9}
   (You took it off a gnoll on level 4 of the Dungeon)

   [ring of magical power]

   rC:        It protects you from cold.
   rPois:     It protects you from poison.
   MP:        It affects your magic capacity (+9).
Wands
 u - a wand of polymorph (8)
Scrolls
 f - a scroll of vulnerability
 h - 2 scrolls of teleportation
 l - a scroll of enchant weapon
 n - 2 scrolls of identify
 t - a scroll of magic mapping
Potions
 a - a potion of ambrosia
 d - a potion of heal wounds {unknown}
 e - a potion of berserk rage {unknown}
 i - a potion of invisibility
 k - a potion of mutation {unknown}
 m - a potion of degeneration {unknown}
 o - a potion of attraction {unknown}
 p - a potion of lignification {unknown}
 r - a potion of curing {unknown}


   Skills:
 + Level 4.5 Fighting
 - Level 2.1 Dodging
 - Level 1.5 Stealth
 * Level 5.8 Spellcasting


You couldn't memorise any spells.
You knew the following spells:

 Your Spells              Type           Power      Damage    Failure   Level
a - Magic Dart            Conj           100%       1d8       1%          1
b - Blink                 Tloc           N/A        N/A       1%          2
c - Call Imp              Summ           26%        N/A       1%          2
d - Slow                  Hex            26%        N/A       1%          2
e - Conjure Flame         Conj/Fire      26%        6-21      3%          3
f - Mephitic Cloud        Conj/Pois/Air  26%        N/A       3%          3
g - Summon Small Mammal   Summ           100%       N/A       1%          1
h - Passwall              Tmut/Erth      21%        N/A       1%          2
i - Call Canine Familiar  Summ           26%        N/A       3%          3
Your spell library was empty.

Dungeon Overview and Level Annotations

Branches:
Dungeon (5/15)
 Temple: D:4-7

Altars:
Cheibriados
Okawaru
Sif Muna
Trog
Uskayaw

Shops:
D:2 ?

Annotations:
D:3 Menkaure
D:5 Pikel


Innate Abilities, Weirdness & Mutations

You are immune to sickness and miasma.
You are immune to poison.
Your flesh is very heat resistant. (rF++)
You are vulnerable to cold. (rC-)
You float through the air rather than walking.
You learn spells naturally, not from books.
Your magical power is your life essence.
You have superior vitality. (+4 HP)


Message History

You hit Pikel but do no damage.
Pikel is heavily wounded.
The lemure misses the lemure.
The lemure completely misses itself.
Pikel hits the lemure with a +1 whip of freezing!
Pikel freezes the lemure.
You hit Pikel but do no damage.
Pikel is severely wounded.
Pikel hits the lemure with a +1 whip of freezing!
Pikel freezes the lemure.
The lemure is killed!
That felt strangely unrewarding.
You hit Pikel but do no damage.
Pikel looks as sick as possible!
Pikel is severely wounded.
Pikel hits you with a +1 whip of freezing!
* * * LOW HITPOINT WARNING * * *
Pikel freezes you.
* * * LOW HITPOINT WARNING * * *
Casting: Mephitic Cloud (dangerous; 3% risk of failure)
Confirm with . or Enter, or press ? or * to list all spells.
You blink.
* * * LOW HITPOINT WARNING * * *
The lemure misses you.
Casting: Blink (safe; 1% risk of failure)
Confirm with . or Enter, or press ? or * to list all spells.
You blink.
* * * LOW HITPOINT WARNING * * *
Casting: Blink (safe; 1% risk of failure)
Confirm with . or Enter, or press ? or * to list all spells.
A beastly little devil appears in a puff of flame.
* * * LOW HITPOINT WARNING * * *
Pikel seems less confused.
Pikel says, "You'll make a fine lemure."
Your crimson imp hits the ogre.
The lemure hits your crimson imp.
Your crimson imp hits the lemure but does no damage.
Your crimson imp barely misses the lemure.
As you read the scroll of teleportation, it crumbles to dust.
You feel strangely unstable.
Your crimson imp closely misses the lemure.
The ogre hits you with a +0 giant spiked club!
You die...

##########
#........#
#........#
#........####
#............
#...@O...#
#........#
#.......5###########
######>5..K........#
#.###########.# #.#
#.## #.. #..# ###
##.# #...


You could see Pikel (very poisoned), an ogre, a lemure (ally target) and a
friendly crimson imp (summoned).

Vanquished Creatures
  Eustachio (D:5)
  A sky beast (D:5)
  An ogre (D:4)
  3 lemures (D:5)
  2 scorpions
  A howler monkey (D:5)
  A bullfrog skeleton (D:4)
  An iguana (D:5)
  A hound skeleton (D:5)
  3 gnolls
  8 adders
  An ufetubus (D:5)
  An adder skeleton (D:4)
  A dart slug (D:1)
  3 orcs (D:3)
  9 ball pythons
  5 endoplasms
  11 giant cockroaches
  8 goblins
  4 hobgoblins
  4 jackals
  3 quokkas
  2 bats (D:3)
  2 frilled lizards
  4 kobolds
  9 rats
90 creatures vanquished.

Vanquished Creatures (collateral kills)
  A howler monkey (D:4)
  2 hounds
  A hound skeleton (D:4)
  7 gnolls
  4 adders
  A worm (D:4)
  An orc (D:4)
  2 ball pythons
  3 endoplasms
  2 giant cockroaches (D:3)
  A goblin (D:4)
  A hobgoblin (D:3)
  A jackal (D:4)
  A kobold (D:4)
  A quokka (D:2)
  A frilled lizard (D:2)
  A rat (D:3)
31 creatures vanquished.

Grand Total: 121 creatures vanquished

Notes
Turn   | Place    | Note
-------+----------+-------------------------------------------
     0 | D:1      | Fulminus the Djinni Hedge Wizard began the quest for the
                  | Orb.
     0 | D:1      | Reached XP level 1. HP: 15/15 MP: 0/0
   220 | D:1      | Reached XP level 2. HP: 19/22 MP: 0/0
   599 | D:1      | Reached skill level 1 in Fighting
   887 | D:1      | Reached XP level 3. HP: 25/27 MP: 0/0
   887 | D:1      | Learned a level 1 spell: Summon Small Mammal
  1010 | D:1      | Reached skill level 3 in Spellcasting
  1337 | D:1      | Found a faded altar of an unknown god.
  1795 | D:2      | Found Suthryij's Magic Scroll Boutique.
  1832 | D:2      | Reached XP level 4. HP: 12/32 MP: 0/0
  2930 | D:3      | HP: 1/33 [adder (2)]
  3377 | D:3      | Reached XP level 5. HP: 19/38 MP: 0/0
  3377 | D:3      | Learned a level 2 spell: Passwall
  3596 | D:3      | Found a hide-covered altar of Uskayaw.
  4073 | D:3      | Found an iron altar of Okawaru.
  4464 | D:3      | Reached skill level 4 in Spellcasting
  4957 | D:4      | Noticed an ogre
  4979 | D:4      | Killed an ogre
  4980 | D:4      | Reached XP level 6. HP: 22/46 MP: 0/0
  5002 | D:4      | Identified the ring "Ivoche Hiekh" {rPois rC+ MP+9}
  5300 | D:5      | Entered Level 5 of the Dungeon
  6029 | D:4      | Found a snail-covered altar of Cheibriados.
  6153 | D:4      | Reached XP level 7. HP: 25/50 MP: 0/0
  6153 | D:4      | Learned a level 3 spell: Call Canine Familiar
  6208 | D:4      | Noticed Menkaure
  7029 | D:5      | Reached skill level 5 in Spellcasting
  7201 | D:5      | Found a bloodstained altar of Trog.
  7300 | D:5      | Noticed Eustachio
  7314 | D:5      | Killed Eustachio
  7376 | D:5      | Reached XP level 8. HP: 35/58 MP: 0/0
  7706 | D:5      | Noticed Pikel
  7751 | D:5      | Demolished by an ogre

Illustrated notes

Levels and vault maps discovered:
D:1:      minmay_arrival_five_plusses, layout_loops_ring,
          shapermc_ecumenical_altar_hornbeckon
D:2:      minmay_spotlight, layout_basic, serial_shops, nicolae_diamond_shop,
          basic_altar, minmay_tripent
D:3:      minmay_chambers_of_threes, layout_loops_ring,
          okawaru_altar_gauntlet_db, mainiacjoe_overflow_catwalk
D:4:      layout_rooms, kennysheep_mini, uniq_menkaure
D:5:      layout_basic, trog_three_pillars_becter, uniq_eustachio, uniq_pikel

Skill      XL: |  1  2  3  4  5  6  7 |
---------------+----------------------+-----
Fighting       | 1 2 3 4 |  4.5
Spellcasting   | 3 4 5 |  5.8
Dodging        | |  2.1
Stealth        | |  1.5

Action                   |  1- 3 |  4- 6 |  7- 9 || total
-------------------------+-------+-------+-------++-------
Melee: Dagger            |    10 |    78 |    47 ||   135
 Cast: Magic Dart        |    82 |    65 |    12 ||   159
       Call Imp          |     2 |    41 |    13 ||    56
       Summon Small Mamm |     2 |     2 |       ||     4
       Blink             |       |     4 |     3 ||     7
       Mephitic Cloud    |       |    11 |     6 ||    17
  Use: Potion            |       |     1 |       ||     1
       Scroll            |       |       |     7 ||     7
 Stab: Sleeping          |       |     3 |       ||     3
       Distracted        |       |     1 |       ||     1
       Confused          |       |       |     2 ||     2
Armor: Robe              |     2 |    18 |     8 ||    28
Dodge: Dodged            |    16 |    97 |    29 ||   142
       Repelled          |       |     1 |       ||     1
